 Dungeon Crawl Stone Soup version 0.22.0-5-gf09313c8f9 (webtiles) character file.

157 LLavrengius the Chopper (level 5, -2/41 HPs)
             Began as a Demonspawn Fighter on Aug 13, 2018.
             Slain by an ice beast (14 damage)
             ... on level 3 of the Dungeon.
             The game lasted 00:08:03 (2418 turns).

LLavrengius the Chopper (Demonspawn Fighter)        Turns: 2418, Time: 00:08:05

Health: -2/41      AC:  9    Str: 17    XL:     5   Next: 15%
Magic:  14/14      EV:  7    Int: 10    God:
Gold:   122        SH:  9    Dex: 12    Spells: 4/4 levels left

rFire    . . .     SeeInvis .   a - +0 war axe
rCold    . . .     Gourm    .   c - +0 shield
rNeg     + . .     Faith    .   b - +0 scale mail
rPois    .         Spirit   .   (helmet restricted)
rElec    .         Reflect  .   D - +0 cloak
rCorr    .         Harm     .   (no gloves)
MR       .....                  (no boots)
Stlth    +.........             (no amulet)
HPRegen  0.13/turn              j - ring of magical power
MPRegen  0.14/turn              C - ring of positive energy

@: no status effects
A: antennae 1, iridescent scales 1, nightstalker 1
a: no special abilities


You were on level 3 of the Dungeon.
You were not hungry.

You visited 1 branch of the dungeon, and saw 3 of its levels.

You collected 122 gold pieces.

Inventory:

Hand Weapons
 a - a +0 war axe (weapon)
 m - a +1 dagger of protection
Missiles
 i - 92 stones
 k - 27 arrows
 p - 37 sling bullets
 E - 2 javelins (quivered)
Armour
 b - a +0 scale mail (worn)
 c - a +0 shield (worn)
 D - a +0 cloak (worn)
Jewellery
 j - a ring of magical power (left hand)
 C - a ring of positive energy (right hand)
Wands
 B - a wand of random effects (32)
 F - a wand of flame (19)
Scrolls
 e - a scroll of blinking {unknown}
 h - 7 scrolls of remove curse {unknown}
 l - 3 scrolls of identify {unknown}
 n - a scroll of amnesia {unknown}
 t - a scroll of fog {unknown}
 w - a scroll of magic mapping {unknown}
 y - a scroll of enchant weapon {unknown}
 z - 2 scrolls of teleportation {unknown}
Potions
 d - 2 potions of might
 g - 2 potions of haste {unknown}
 o - a potion of magic {unknown}
 q - 2 potions of curing {unknown}
 r - a potion of ambrosia {unknown}
 s - a potion of cancellation {unknown}
 u - a potion of flight {unknown}
 v - 2 potions of agility {unknown}
 x - a potion of resistance {unknown}
Comestibles
 f - 4 rations
 A - 2 chunks of flesh


   Skills:
 + Level 3.5 Fighting
 + Level 3.6 Axes
 - Level 3.0 Armour
 + Level 0.5 Dodging
 + Level 0.6 Stealth
 + Level 3.4 Shields


You had 4 spell levels left.
You didn't know any spells.
Your spell library was empty.

Dungeon Overview and Level Annotations

Branches:
Dungeon (3/15)

Altars:


Innate Abilities, Weirdness & Mutations

You have a pair of small antennae on your head.
You are partially covered in iridescent scales. (AC +2)
You are slightly more attuned to the shadows.


Message History

You block the adder's attack. The adder bites you but does no damage.
You hit the ice beast.
The ice beast is moderately wounded.
You hit the adder. You closely miss the adder.
The adder bites you but does no damage. The ice beast hits you.
The ice beast freezes you! The adder bites you but does no damage.
You block the adder's attack. The ice beast barely misses you.
The adder completely misses you.
You slash the ice beast!
The ice beast is heavily wounded.
You hit the adder. x2; You block the adder's attack.
The adder bites you but does no damage. The ice beast barely misses you.
You block the adder's attack.
You closely miss the ice beast.
The ice beast is heavily wounded.
You barely miss the adder. x2; The adder closely misses you. x2
The ice beast hits you.
* * * LOW HITPOINT WARNING * * *
The ice beast freezes you!
You die...

#.#......
.#.#...#### .
..........
#.##.......#
...........#
.....S.....###.##
=....S@........Y.
.....Y...#.##.!..
#.#.#.#.##.?.!?.
# #.#.##....
#.#.##..#
#.#.##..#
#.#>....# ...
#..####### . #..#
##.)..#..


You could see an ice beast and 2 adders.

Vanquished Creatures
  Crazy Yiuf (D:3)
  Ijyb (D:3)
  4 adders
  A worm (D:2)
  3 leopard geckos
  4 giant cockroaches
  9 goblins
  8 hobgoblins
  4 jackals
  7 kobolds
  7 bats
  4 frilled lizards
  10 rats
63 creatures vanquished.

Notes
Turn   | Place    | Note
-------+----------+-------------------------------------------
     0 | D:1      | LLavrengius the Demonspawn Fighter began the quest for the Orb.
     0 | D:1      | Reached XP level 1. HP: 18/18 MP: 1/1
    88 | D:1      | Gained mutation: You are slightly more attuned to the shadows. [demonic ancestry]
    88 | D:1      | Reached XP level 2. HP: 24/24 MP: 2/2
   578 | D:1      | Reached XP level 3. HP: 26/29 MP: 3/3
  1454 | D:2      | Gained mutation: You have a pair of small antennae on your head. [demonic ancestry]
  1454 | D:2      | Reached XP level 4. HP: 28/35 MP: 4/4
  1994 | D:3      | Found a runed door.
  2114 | D:3      | Noticed Crazy Yiuf
  2118 | D:3      | Killed Crazy Yiuf
  2196 | D:3      | Noticed Ijyb
  2211 | D:3      | Killed Ijyb
  2211 | D:3      | Gained mutation: You are partially covered in iridescent scales. (AC +2) [demonic ancestry]
  2211 | D:3      | Reached XP level 5. HP: 15/41 MP: 5/5
  2398 | D:3      | Noticed a sky beast
  2409 | D:3      | Noticed an ice beast
  2418 | D:3      | Slain by an ice beast

Skill      XL: |  1  2  3  4 |
---------------+-------------+-----
Axes           | 2 3 |  3.6
Shields        | 3 |  3.4
Armour         | 3 |  3.0
Fighting       | |  3.5
Dodging        | |  0.5
Stealth        | |  0.6

Action                   |  1- 3 |  4- 6 || total
-------------------------+-------+-------++-------
Melee: War axe           |   113 |    93 ||   206
Throw: Javelin           |       |     2 ||     2
  Eat: Chunk             |     2 |     3 ||     5
Armor: Scale mail        |    68 |    39 ||   107
Dodge: Dodged            |    44 |    31 ||    75
Block: Shield            |    75 |    56 ||   131
